 Dungeon Crawl Stone Soup version 0.19.0-11-g3fc08b3 (webtiles) character file.

2480 RKaid the Thaumaturge (level 9, -8/45 HPs)
             Began as a Deep Elf Conjurer on Nov 9, 2016.
             Was a Follower of Vehumet.
             Killed from afar by Joseph (23 damage)
             ... with a wand of lightning
             ... on level 7 of the Dungeon.
             The game lasted 00:24:47 (7368 turns).

RKaid the Thaumaturge (Deep Elf Conjurer)           Turns: 7368, Time: 00:24:48

Health: -8/45      AC:  6    Str:  5    XL:     9   Next: 27%
Magic:  4/27       EV: 13    Int: 24    God:    Vehumet [*.....]
Gold:   325        SH:  0    Dex: 15    Spells: 5 memorised, 13 levels left

rFire  . . .     SeeInvis .     a - +0 blowgun
rCold  . . .     Gourm    +     F - +0 robe
rNeg   . . .     Faith    .     (no shield)
rPois  +         Spirit   .     s - +1 helmet
rElec  .         Reflect  .     (no cloak)
rCorr  .         Harm     .     C - +0 pair of gloves
MR     .....                    A - +0 pair of boots
Stlth  ++........               v - amulet of the gourmand {Gourm, !d}
                                p - +1 ring of slaying
                                o - ring of poison resistance {rPois, !d}

@: no status effects
A: high mp 1, sense surroundings 1
a: Renounce Religion


You were on level 7 of the Dungeon.
You worshipped Vehumet.
Vehumet was aware of your devotion.
You were completely stuffed.

You visited 2 branches of the dungeon, and saw 8 of its levels.

You collected 325 gold pieces.

Inventory:

Hand Weapons
 a - a +0 blowgun (weapon)
   (You took it off a kobold on level 3 of the Dungeon)
 e - a +0 dagger of electrocution
   (You found it on level 4 of the Dungeon)
 g - a +0 dagger of freezing
   (You took it off a kobold on level 1 of the Dungeon)
 q - a +0 short sword
   (You took it off a kobold on level 2 of the Dungeon)
Missiles
 n - 23 poisoned needles (quivered)
Armour
 s - a +1 helmet (worn)
   (You found it on level 2 of the Dungeon)
 A - a +0 pair of boots (worn)
   (You found it on level 6 of the Dungeon)
 C - a +0 pair of gloves (worn)
   (You found it on level 6 of the Dungeon)
 F - a +0 robe (worn)
   (You took it off a wight on level 6 of the Dungeon)
Magical Staves
 b - an uncursed staff of air {rElec}
   (You found it on level 6 of the Dungeon)
Jewellery
 o - a ring of poison resistance (left hand) {rPois, !d}
   (You found it on level 2 of the Dungeon)
 p - a +1 ring of slaying (right hand)
   (You found it on level 3 of the Dungeon)
 v - an amulet of the gourmand (around neck) {Gourm, !d}
   (You found it on level 6 of the Dungeon)
Wands
 d - a wand of disintegration (11/24)
   (You found it on level 4 of the Dungeon)
Scrolls
 i - a scroll of enchant armour
 r - 2 scrolls of enchant weapon {unknown}
 y - a scroll of immolation {unknown}
 z - a scroll of identify
 D - a scroll of blinking {unknown}
 G - a scroll of remove curse
 M - a scroll of vulnerability {unknown}
Potions
 h - 5 potions of curing {unknown}
 j - a potion of cure mutation {!q}
 l - a potion of might {unknown}
 m - a potion of heal wounds {unknown}
 u - a potion of brilliance {unknown}
 E - a potion of flight {unknown}
 J - a potion of mutation {unknown}
 L - a potion of degeneration {unknown}
Books
 f - a book of Necromancy
   (You found it on level 5 of the Dungeon)
 t - a book of Callings
   (You found it on level 3 of the Dungeon)
 B - a book of Cantrips
   (You found it on level 6 of the Dungeon)
 H - a book of Conjurations
 I - a book of Changes
   (You found it on level 6 of the Dungeon)
 N - a book of Misfortune
   (You found it on level 7 of the Dungeon)
Comestibles
 c - 2 bread rations
 k - a royal jelly
 w - a beef jerky
 x - 2 meat rations
 K - 4 chunks of flesh


   Skills:
 - Level 2.4 Dodging
 - Level 2.4 Stealth
 + Level 10.1 Spellcasting
 + Level 9.4 Conjurations
 + Level 8.9 Charms
 - Level 2.1 Necromancy


You had 13 spell levels left.
You knew the following spells:

 Your Spells              Type           Power        Failure   Level  Hunger
a - Magic Dart            Conj           ####         1%          1    None
b - Searing Ray           Conj           ######       1%          2    None
c - Iskenderun's Mystic   Conj           ######..     1%          4    #......
A - Iskenderun's Battles  Conj/Chrm      ######..     3%          5    ####...
B - Regeneration          Chrm/Necr      #####.....   1%          3    None


Dungeon Overview and Level Annotations

Branches:
Dungeon (7/15)             Temple (1/1) D:5

Altars:
Ashenzari
Cheibriados
Dithmenos
Elyvilon
Fedhas
Kikubaaqudgha
Makhleb
Okawaru
Qazlal
Sif Muna
Uskayaw
Vehumet
Xom
Yredelemnul
Zin
The Shining One

Shops:
D:5 :

Annotations:
D:7 Joseph


Innate Abilities, Weirdness & Mutations

You have an increased reservoir of magic. (+10% MP)
You passively map a small area around you.


Message History

Aiming: Magic Dart
Press: ? - help, Shift-Dir - straight line, f/p - orc wizard
Aim: an orc wizard, wielding a dagger and wearing a robe (lightly wounded)
The magic dart hits the orc wizard.
The orc wizard shouts!
Casting: Magic Dart
Confirm with . or Enter, or press ? or * to list all spells.
Aiming: Magic Dart
Press: ? - help, Shift-Dir - straight line, f/p - orc wizard
Aim: an orc wizard, wielding a dagger and wearing a robe (moderately wounded)
The magic dart hits the orc wizard.
Casting: Magic Dart
Confirm with . or Enter, or press ? or * to list all spells.
Aiming: Magic Dart
Press: ? - help, Shift-Dir - straight line, f/p - orc wizard
Aim: an orc wizard, wielding a dagger and wearing a robe (moderately wounded)
The magic dart hits the orc wizard.
The orc priest begins to cast a cantrip, but forgets the words!
Casting: Magic Dart
Confirm with . or Enter, or press ? or * to list all spells.
Aiming: Iskenderun's Mystic Blast
Press: ? - help, Shift-Dir - straight line, f/p - orc wizard
Aim: an orc wizard, wielding a dagger and wearing a robe (severely wounded)
The orb of energy hits the orc wizard.
You kill the orc wizard!
Vehumet accepts your kill.
The orb of energy explodes!
The mystic blast hits the orc wizard.
You hear a shout!
An orc and Joseph come into view.
Press: ? - help, v - describe, . - travel
Here: Joseph, wielding a quarterstaff and wearing a leather armour The floor.
Unknown command.
Unknown command.
Casting: Iskenderun's Mystic Blast
Confirm with . or Enter, or press ? or * to list all spells.
You conjure a globe of magical energy.
The orc wizard casts a spell at you. The magic dart hits you!
The orc priest casts a cantrip, but nothing happens.
Casting: Iskenderun's Battlesphere
Confirm with . or Enter, or press ? or * to list all spells.
Aiming: Iskenderun's Mystic Blast
Press: ? - help, Shift-Dir - straight line, f - orc wizard
Aim: an orc wizard, wielding a dagger and wearing an embroidered robe (moderately wounded)
The orb of energy hits the orc wizard.
You kill the orc wizard!
Vehumet accepts your kill.
Casting: Iskenderun's Mystic Blast
Confirm with . or Enter, or press ? or * to list all spells.
Aiming: Magic Dart
Press: ? - help, Shift-Dir - straight line, f - orc priest
Aim: an orc priest, wielding a club and wearing a scale mail The magic dart hits the orc priest.
Casting: Magic Dart
Confirm with . or Enter, or press ? or * to list all spells.
Aiming: Magic Dart
Press: ? - help, Shift-Dir - straight line, f/p - orc priest
Aim: an orc priest, wielding a club and wearing a scale mail (lightly wounded)
The magic dart hits the orc priest.
Joseph unwields an uncursed quarterstaff.
Joseph wields a hunting sling.
Joseph shoots a sling bullet.
The sling bullet hits you!
Casting: Magic Dart
Confirm with . or Enter, or press ? or * to list all spells.
Aiming: Magic Dart
Press: ? - help, Shift-Dir - straight line, f - Joseph
Aim: Joseph, wielding a hunting sling and wearing a leather armour The magic dart hits Joseph.
Casting: Magic Dart
Confirm with . or Enter, or press ? or * to list all spells.
Aiming: Magic Dart
Press: ? - help, Shift-Dir - straight line, f/p - Joseph
Aim: Joseph, wielding a hunting sling and wearing a leather armour (lightly wounded)
The magic dart hits the orc priest.
Joseph says, "I'm happy to see you. And I'll be happy to kill you."
Casting: Magic Dart
Confirm with . or Enter, or press ? or * to list all spells.
Aiming: Iskenderun's Mystic Blast
Press: ? - help, Shift-Dir - straight line, f/p - Joseph
Aim: Joseph, wielding a hunting sling and wearing a leather armour (lightly wounded)
The orb of energy hits the orc priest.
Casting: Iskenderun's Mystic Blast
Confirm with . or Enter, or press ? or * to list all spells.
Aiming: Magic Dart
Press: ? - help, Shift-Dir - straight line, f/p - Joseph
Aim: Joseph, wielding a hunting sling and wearing a leather armour (lightly wounded)
The magic dart hits the orc priest.
Your battlesphere fires!
The barrage of energy hits the orc priest.
You kill the orc priest!
Vehumet accepts your kill. The orc hits you but does no damage.
Joseph shoots a sling bullet.
The sling bullet hits you! The orc hits your battlesphere.
Joseph shoots a sling bullet.
The sling bullet hits your battlesphere!!
Your battlesphere is destroyed!
Joseph zaps a wand.
The bolt of lightning hits you!
Ouch! That really hurt!
You die...

#.........#
#...###...#.......
#.####.##.###...#
##.##.#..... #.#
#..........# #.##.......
#.#
#....(.)...####.##).#.##.
#.#
#..._....))....<..>.#.##.
#.#
#............##..........
#.#
#..........#.#####....###
#.# ##.#..##.^..#.#
#.#..... #.#
#..#..##.@..#.#*
*#.#..### #.#
#.###.##....#.. ..##.#
#.# #.# #.##.o#.###
###*.. #.###.# #..#).#.#
.# #.##..# #..#..#.# ,*
#.##.## #..@....# * *
#.##.#* ##......# *
####.#..##..)#........ ,
#......###.#.#.....###*
** ,


You could see Joseph and an orc.

Vanquished Creatures
  Grinder (D:3)
  2 yaks (D:6)
  A water moccasin (D:7)
  A sky beast (D:6)
  An ice beast (D:6)
  2 phantoms (D:5)
  An orc warrior (D:7)
  4 ogres
  A scorpion (D:4)
  2 wights (D:6)
  A howler monkey (D:5)
  2 crimson imps (D:6)
  The ghost of RKaid the Conjurer, a weakling DECj (D:3)
  A bullfrog zombie (D:4)
  7 orc priests
  5 hounds
  7 orc wizards
  Terence (D:2)
  A worker ant (D:7)
  A worker ant zombie (D:7)
  6 adders
  2 river rats (D:3)
  An ooze (D:4)
  An adder zombie (D:6)
  An adder skeleton (D:5)
  2 dart slugs
  5 leopard geckos
  11 orcs
  3 bats
  3 giant cockroaches
  9 goblins
  6 hobgoblins
  17 jackals
  9 kobolds
  A ball python (D:1)
  8 frilled lizards
  A jackal zombie (D:6)
  A quokka skeleton (D:5)
  7 rats
137 creatures vanquished.

Notes
Turn   | Place    | Note
-------+----------+-------------------------------------------
     0 | D:1      | RKaid the Deep Elf Conjurer began the quest for the Orb.
     0 | D:1      | Reached XP level 1. HP: 10/10 MP: 6/6
    99 | D:1      | Reached XP level 2. HP: 15/15 MP: 0/8
   173 | D:1      | Learned a level 2 spell: Searing Ray
   793 | D:2      | Reached skill level 4 in Spellcasting
   793 | D:2      | Reached skill level 5 in Conjurations
   793 | D:2      | Reached XP level 3. HP: 19/19 MP: 3/10
   887 | D:2      | Found a snail-covered altar of Cheibriados.
  1379 | D:2      | Noticed Terence
  1440 | D:2      | Killed Terence
  1440 | D:2      | Reached XP level 4. HP: 13/24 MP: 0/12
  1895 | D:3      | Noticed RKaid's ghost (weakling DECj)
  1901 | D:3      | Killed RKaid's ghost
  1901 | D:3      | Reached skill level 5 in Spellcasting
  2095 | D:3      | Noticed Grinder
  2105 | D:3      | Paralysed by Grinder for 6 turns
  2172 | D:3      | Learned a level 4 spell: Iskenderun's Mystic Blast
  2209 | D:3      | Paralysed by Grinder for 3 turns
  2317 | D:4      | Reached XP level 5. HP: 28/28 MP: 10/14
  2328 | D:4      | Reached skill level 6 in Conjurations
  2452 | D:4      | Noticed an ogre
  2470 | D:4      | Reached skill level 6 in Spellcasting
  2650 | D:4      | Learned a level 5 spell: Iskenderun's Battlesphere
  2790 | D:3      | Reached skill level 1 in Charms
  2790 | D:3      | Reached XP level 6. HP: 15/32 MP: 11/17
  3192 | D:3      | Reached skill level 2 in Charms
  3203 | D:3      | Reached skill level 3 in Charms
  3500 | D:3      | Found a blossoming altar of Fedhas.
  3532 | D:3      | Found a deep blue altar of Sif Muna.
  3768 | D:3      | You fall through a shaft for 2 floors!
  3768 | D:5      | Entered Level 5 of the Dungeon
  3938 | D:4      | Reached skill level 7 in Spellcasting
  3938 | D:4      | Reached skill level 7 in Conjurations
  3938 | D:4      | Reached XP level 7. HP: 36/36 MP: 4/19
  4082 | D:5      | Learned a level 3 spell: Regeneration
  4206 | D:5      | Reached skill level 4 in Charms
  4510 | D:5      | Found Otuocetz's Book Boutique.
  4551 | D:5      | Reached skill level 1 in Necromancy
  4582 | D:5      | Reached skill level 5 in Charms
  4682 | D:5      | Found a staircase to the Ecumenical Temple.
  4692 | Temple   | Entered the Ecumenical Temple
  4706 | Temple   | Became a worshipper of Vehumet
  4827 | D:5      | Found a snail-covered altar of Cheibriados.
  5134 | D:4      | Reached skill level 8 in Spellcasting
  5134 | D:4      | Reached skill level 2 in Necromancy
  5134 | D:4      | Reached XP level 8. HP: 41/41 MP: 13/22
  5532 | D:3      | Killed Grinder
  5532 | D:3      | Reached skill level 8 in Conjurations
  5532 | D:3      | Reached skill level 6 in Charms
  5884 | D:6      | Reached skill level 9 in Spellcasting
  5884 | D:6      | Reached skill level 7 in Charms
  6011 | D:6      | Gained mutation: You passively map a small area around you. [mutagenic meat]
  6012 | D:6      | Gained mutation: You have an increased reservoir of magic. (+10% MP) [mutagenic meat]
  6605 | D:6      | Reached skill level 9 in Conjurations
  6605 | D:6      | Reached skill level 8 in Charms
  6605 | D:6      | Reached XP level 9. HP: 20/45 MP: 0/26
  7139 | D:7      | Found a shattered altar of Ashenzari.
  7143 | D:7      | Reached * piety under Vehumet
  7143 | D:7      | Offered knowledge of Shock by Vehumet.
  7155 | D:7      | Reached skill level 10 in Spellcasting
  7346 | D:7      | Found a shadowy altar of Dithmenos.
  7355 | D:7      | Noticed Joseph
  7368 | D:7      | Killed from afar by Joseph

Skill      XL: |  1  2  3  4  5  6  7  8  9 |
---------------+----------------------------+-----
Spellcasting   | 4 5 6 7 8 9 10 | 10.1
Conjurations   | 5 6 7 9 |  9.4
Charms         | 1 3 5 8 |  8.9
Necromancy     | 2 |  2.1
Dodging        | |  2.4
Stealth        | |  2.4

Action                   |  1- 3 |  4- 6 |  7- 9 || total
-------------------------+-------+-------+-------++-------
Melee: Dagger            |       |     5 |       ||     5
 Fire: Blowgun           |       |       |     4 ||     4
 Cast: Magic Dart        |    76 |   107 |   196 ||   379
       Searing Ray       |     1 |     2 |       ||     3
       Iskenderun's Myst |       |     8 |    35 ||    43
       Iskenderun's Batt |       |       |     2 ||     2
  Use: Scroll            |       |     5 |     1 ||     6
  Eat: Chunk             |     1 |     5 |    20 ||    26
       Beef jerky        |       |     1 |     1 ||     2
       Pizza             |       |     1 |       ||     1
       Fruit             |       |     1 |     2 ||     3
Armor: Robe              |     1 |     5 |     7 ||    13
Dodge: Dodged            |     4 |    26 |    17 ||    47

Vault maps used:
D:1:      tarquinn_simple_flora_water_e
D:2:      lemuel_doored_altar, uniq_terence
D:3:      lemuel_round_altar, nicolae_overflow_crystal_walls,
          portal_sewer_entry_b, uniq_grinder
D:5:      first_bread, serial_shops, nicolae_shop_crystal, grunt_ministairs_13,
          kennysheep_slug_shrine
D:7:      lemuel_crystal_altar, lemuel_crystal_altar, lightli_temple_of_fire,
          basic_altar, uniq_menkaure, uniq_joseph
Temple:   jpeg_temple_clearing

Table legend:
 A = Turns spent in this place as a percentage of turns spent in the entire game.
 B = Non-inter-level travel turns spent in this place as a percentage of non-inter-level travel turns spent in the entire game.
 C = Inter-level travel turns spent in this place as a percentage of turns spent in this place.
 D = Turns resting spent in this place as a percentage of non-inter-level travel turns spent in this place.
 E = Turns spent auto-exploring this place as a percentage of non-inter-level travel turns spent in this place.
 F = Non-inter-level travel turns spent in this place divided by the number of levels of this place that you've seen.
                   A       B       C       D       E      F
               +-------+-------+-------+-------+-------+----------------------
         Total | 100.0 | 100.0 |   0.8 |   7.8 |  11.3 | 191.0
       Dungeon |  98.6 |  98.6 |   0.7 |   7.9 |  10.7 | 215.3
        Temple |   1.4 |   1.4 |   4.5 |   0.0 |  57.1 |  21.0
               +-------+-------+-------+-------+-------+----------------------

Table legend:
 A = Kills in this place as a percentage of kills in entire the game.
 B = Kills by you in this place as a percentage of kills by you in the entire game.
 C = Kills by friends in this place as a percentage of kills by friends in the entire game.
 D = Other kills in this place as a percentage of other kills in the entire game.
 E = Experience gained in this place as a percentage of experience gained in the entire game.
 F = Experience gained in this place divided by the number of levels of this place that you have seen.
                   A       B       C       D       E      F
               +-------+-------+-------+-------+-------+----------------------
         Total | 100.0 | 100.0 |  -nan |  -nan | 100.0 | 442.9
       Dungeon | 100.0 | 100.0 |  -nan |  -nan | 100.0 | 506.1
               +-------+-------+-------+-------+-------+----------------------
